 Dungeon Crawl Stone Soup version 0.29.1-1-gd02db6906a (webtiles) character file.

Game seed: 16851066029123335658

4227 LustLizard the Thaumaturge (level 10, -6/60 HPs)
             Began as a Djinni Fire Elementalist on Oct 21, 2022.
             Was a Priest of Ashenzari.
             Mangled by a yak (15 damage)
             ... on level 9 of the Dungeon.
             The game lasted 00:17:43 (11360 turns).

LustLizard the Thaumaturge (DjFE)                  Turns: 11360, Time: 00:17:44

Health: -6/60      AC:  5    Str:  7    XL:     10   Next: 55%
Gold:   386        EV: 13    Int: 22    God:    Ashenzari [***...] SH:  0 Dex: 13

rFire   + + .      SeeInvis +   t - +5 dagger "Shackled Paranoia" {Cun, Melee} (curse)
rCold   x . .      Faith    .   (no shield)
rNeg    + . .      Spirit   .   D - +2 leather armour of Ashenzari's Disgust {rN+, Fort, Cun} (curse)
rPois   ∞          Reflect  .   (no helmet)
rElec   .          Harm     .   (no cloak)
rCorr   .          Rampage  .   (no gloves)
Will    +....      Clarity  +   (boots unavailable)
Stlth   ++........              (no amulet)
HPRegen 0.20/turn               C - ring of Ashenzari's Idealism {Wiz, Cun, Self} (curse)
MPRegen 0.00/turn               j - ring of Ashenzari's Paranoia {Wiz, Self, Cun} (curse)

@: flying
A: sickness immunity, fire resistance 2, cold vulnerability 1, float, innate
caster, HP casting, extra vitality 1
a: Renounce Religion, Curse Item, Shatter the Chains


You were on level 9 of the Dungeon.
You worshipped Ashenzari.
Ashenzari was most pleased with you.
You visited 2 branches of the dungeon, and saw 10 of its levels.

You collected 446 gold pieces.
You spent 60 gold pieces at shops.

Inventory:

Hand Weapons
 d - a +0 dagger
 t - the cursed +5 dagger "Shackled Paranoia" (weapon) {Cun, Melee}
   (You took it off a wight on level 6 of the Dungeon)

   It has a curse which improves the following skills: Cunning: Dodging and
   Stealth.
   Melee Combat: Short Blades, Long Blades, Axes, Maces & Flails, Polearms,
   Staves and Unarmed Combat.
 u - a +1 dagger of protection
 w - a +1 short sword of holy wrath
Missiles
 s - 8 poisoned darts
Armour
 a - a +0 robe
 D - the cursed +2 leather armour of Ashenzari's Disgust (worn) {rN+, Fort, Cun}
   (You found it on level 5 of the Dungeon)

   It has a curse which improves the following skills: Fortitude: Armour and
   Shields.
   Cunning:   Dodging and Stealth.
Jewellery
 j - the cursed ring of Ashenzari's Paranoia (right hand) {Wiz, Self, Cun}
   (You found it on level 3 of the Dungeon)

   [ring of wizardry]

   It improves your spell success rate.
   It has a curse which improves the following skills: Introspection: Fighting
   and Spellcasting.
   Cunning:   Dodging and Stealth.
 r - a ring of protection from fire
 C - the cursed ring of Ashenzari's Idealism (left hand) {Wiz, Cun, Self}
   (You found it on level 5 of the Dungeon)

   [ring of wizardry]

   It improves your spell success rate.
   It has a curse which improves the following skills: Cunning: Dodging and
   Stealth.
   Introspection: Fighting and Spellcasting.
 E - a ring of protection from fire
Wands
 k - a wand of roots (13)
 v - a wand of paralysis (8)
 y - a wand of flame (3)
Scrolls
 b - 2 scrolls of amnesia
 c - 2 scrolls of poison
 g - a scroll of summoning
 h - 4 scrolls of silence
 m - 2 scrolls of fog
 o - a scroll of teleportation
 q - a scroll of noise
 B - a scroll of enchant armour
 F - 2 scrolls of fear
Potions
 e - 8 potions of curing
 f - 3 potions of attraction
 i - 2 potions of mutation
 l - a potion of berserk rage
 n - 2 potions of heal wounds
 p - 2 potions of degeneration
 x - a potion of ambrosia
 z - a potion of brilliance
 A - 3 potions of flight
 G - a potion of might


   Skills:
 - Level 2.1(5.0) Dodging
 - Level 1.5(4.1) Stealth
 * Level 11.6(14.0) Spellcasting


You had 15 spell levels left.
You knew the following spells:

 Your Spells              Type           Power      Damage    Failure   Level
a - Foxfire               Conj/Fire      100%       2x1d9     0%          1
b - Scorch                Fire           100%       2d10      1%          2
c - Conjure Flame         Conj/Fire      67%        6-21      1%          3
d - Inner Flame           Hex/Fire       67%        N/A       1%          3
e - Flame Wave            Conj/Fire      67%        2d15      1%          4
f - Apportation           Tloc           100%       N/A       0%          1
g - Ensorcelled Hibernat  Hex/Ice        100%       N/A       1%          2
h - Spider Form           Tmut/Pois      67%        N/A       1%          3
i - Ignite Poison         Fire/Tmut/Pois 67%        N/A       1%          3
Your spell library was empty.

Dungeon Overview and Level Annotations

Branches:
Dungeon (9/15)             Temple (1/1) D:4
   Lair: D:8-11         Orc: D:9-12

Altars:
Ashenzari
Cheibriados
Fedhas
Makhleb
Nemelex Xobeh
Okawaru
Qazlal
Trog
Wu Jian
The Shining One

Shops:
D:1 *


Innate Abilities, Weirdness & Mutations

You are immune to sickness and miasma.
You are immune to poison.
Your flesh is very heat resistant. (rF++)
You are vulnerable to cold. (rC-)
You float through the air rather than walking.
You learn spells naturally, not from books.
Your magical power is your life essence.
You have superior vitality. (+4 MHP)


Message History

Casting: Scorch (safe; 1% risk of failure)
Confirm with . or Enter, or press ? or * to list all spells.
Flames lash the yak.
The yak is moderately wounded.
The yak's fire resistance burns away.
The yak bellows!
A kobold brigand comes into view.
It is wielding a +0 short sword and quivering poisoned darts.
Casting: Scorch (safe; 1% risk of failure)
Confirm with . or Enter, or press ? or * to list all spells.
Flames lash the yak.
The yak is burned terribly!
The yak is moderately wounded.
Casting: Scorch (safe; 1% risk of failure)
Confirm with . or Enter, or press ? or * to list all spells.
Flames lash the yak.
The yak is lightly wounded.
The yak's fire resistance burns away.
The yak gores you but does no damage. The yak attacks as you move away!
The yak gores you!
Casting: Scorch (safe; 1% risk of failure)
Confirm with . or Enter, or press ? or * to list all spells.
Flames lash the yak.
The yak is burned terribly!
The yak is almost dead.
The yak gores you.
Casting: Scorch (safe; 1% risk of failure)
Confirm with . or Enter, or press ? or * to list all spells.
Flames lash the yak.
The yak is burned terribly!
The yak is severely wounded.
The yak gores you! The yak attacks as you move away!
The yak gores you but does no damage. The yak gores you!
* * * LOW HITPOINT WARNING * * *
There is a stone staircase leading up here.
Casting: Scorch (safe; 1% risk of failure)
Confirm with . or Enter, or press ? or * to list all spells.
Flames lash the yak.
The yak is burned terribly!
You kill the yak!
* * * LOW HITPOINT WARNING * * *
You hear a shout!
Unknown command.
The yak gores you!
You die... ** , * , * ### * * , * #.., ....# * ,* #..* #<... , , * *KY

,..#.#** * .. *#.#.#
* , * *#{ #.#.# * * *
..####. #.#.# *
.....Y.###.#@#####.#
#......YKK.Y........,
.......###.#.#######
* , .>..##.*
#.#.####### , #..* #.
#.#........, .,,* #.
#.######### , #.
#........ , #.
######### * * #.


You could see 2 yaks, a kobold brigand and a kobold.

Vanquished Creatures
  Pikel (D:5)
  2 hornets (D:7)
  Grinder (D:6)
  A shadow (D:6)
  Sigmund (D:2)
  A yak (D:9)
  2 wyverns
  Eustachio (D:4)
  Menkaure (D:4)
  Edmund (D:4)
  2 orc warriors
  An ice beast (D:7)
  A black bear (D:7)
  A sky beast (D:7)
  A centaur (D:8)
  2 ogres
  A lemure (D:5)
  2 phantoms
  3 bullfrogs (D:8)
  A scorpion (D:4)
  5 wights (D:6)
  2 howler monkeys (D:8)
  3 orc priests
  2 iguanas
  Ijyb (D:3)
  Natasha (thrice) (D:4)
  7 orc wizards
  3 gnolls (D:2)
  4 adders
  A shadow imp (D:6)
  An ufetubus (D:6)
  3 worms
  2 dart slugs
  22 orcs
  11 endoplasms
  9 goblins
  4 hobgoblins
  5 jackals
  5 quokkas
  6 ball pythons
  9 bats
  4 frilled lizards
  8 kobolds
  6 rats
153 creatures vanquished.

Vanquished Creatures (others)
  450 foxfires
450 creatures vanquished.

Grand Total: 603 creatures vanquished

Notes
Turn   | Place    | Note
-------+----------+-------------------------------------------
     0 | D:1      | LustLizard the Djinni Fire Elementalist began the quest for
                  | the Orb.
     0 | D:1      | LustLizard set off with the following spells memorised:
                  | Foxfire, Scorch, Conjure Flame, Inner Flame, Flame Wave.
     0 | D:1      | Reached XP level 1. HP: 15/15 MP: 0/0
   353 | D:1      | Reached XP level 2. HP: 16/21 MP: 0/0
   559 | D:1      | Found Cetogg's Assorted Antiques.
   807 | D:1      | Reached skill level 3 in Spellcasting
   987 | D:1      | Reached XP level 3. HP: 19/25 MP: 0/0
   987 | D:1      | Learned a level 1 spell: Apportation
  1374 | D:1      | Bought a pink potion for 18 gold pieces
  1582 | D:2      | Noticed Sigmund
  2382 | D:2      | Killed Sigmund
  2383 | D:2      | Reached skill level 4 in Spellcasting
  2383 | D:2      | Reached XP level 4. HP: 7/31 MP: 0/0
  2383 | D:2      | Reached XP level 5. HP: 8/35 MP: 0/0
  2383 | D:2      | Learned a level 2 spell: Ensorcelled Hibernation
  2383 | D:2      | Reached XP level 6. HP: 9/40 MP: 0/0
  2808 | D:2      | Reached skill level 5 in Spellcasting
  2967 | D:2      | Found a faded altar of an unknown god.
  3130 | D:2      | You are sucked into a shaft and drop 2 floors!
  3154 | D:4      | Noticed Natasha
  3164 | D:4      | Killed Natasha
  3776 | D:1      | Bought a scroll labelled BEJAT ENKAIRURR for 21 gold pieces
  3776 | D:1      | Bought a scroll labelled REYNLU LIBBAI for 21 gold pieces
  4443 | D:3      | Noticed Ijyb
  4444 | D:3      | Paralysed by Ijyb for 3 turns
  4451 | D:3      | Paralysed by Ijyb for 4 turns
  4456 | D:3      | Killed Ijyb
  4856 | D:4      | Reached XP level 7. HP: 31/45 MP: 0/0
  4856 | D:4      | Learned a level 3 spell: Spider Form
  4973 | D:4      | Found a staircase to the Ecumenical Temple.
  4985 | Temple   | Entered the Ecumenical Temple
  5045 | Temple   | Became a worshipper of Ashenzari the Shackled
  5098 | D:4      | Noticed Edmund
  5105 | D:4      | Noticed Menkaure
  5107 | D:4      | Killed Edmund
  5108 | D:4      | Reached skill level 6 in Spellcasting
  5113 | D:4      | Killed Menkaure
  5461 | D:4      | Noticed Eustachio
  5467 | D:4      | Noticed Natasha
  5473 | D:4      | Killed Natasha
  5494 | D:4      | Noticed Natasha
  5499 | D:4      | Killed Natasha
  5500 | D:4      | Reached XP level 8. HP: 43/50 MP: 0/0
  5632 | D:4      | Reached skill level 7 in Spellcasting
  5874 | D:4      | Killed Eustachio
  6293 | D:5      | Entered Level 5 of the Dungeon
  6770 | D:5      | Noticed Pikel
  6809 | D:5      | Killed Pikel
  6810 | D:5      | Reached skill level 8 in Spellcasting
  6810 | D:5      | Reached XP level 9. HP: 10/55 MP: 0/0
  6810 | D:5      | Learned a level 3 spell: Ignite Poison
  7301 | D:6      | Noticed Grinder
  7345 | D:6      | Paralysed by Grinder for 4 turns
  7571 | D:6      | Reached * piety under Ashenzari
  7730 | D:6      | Paralysed by Grinder for 4 turns
  7739 | D:6      | Killed Grinder
  7740 | D:6      | Reached skill level 9 in Spellcasting
  8395 | D:6      | Reached ** piety under Ashenzari
  8748 | D:7      | Noticed a hornet
  8759 | D:7      | Killed a hornet
  8760 | D:7      | Reached skill level 10 in Spellcasting
  9028 | D:7      | Reached XP level 10. HP: 53/60 MP: 0/0
  9338 | D:7      | Reached *** piety under Ashenzari
  9807 | D:7      | Reached skill level 11 in Spellcasting
 10566 | D:8      | Found a blossoming altar of Fedhas.
 11360 | D:9      | Mangled by a yak

Illustrated notes

Levels and vault maps discovered:
D:1:      psy_arrival_spokes, layout_basic, serial_shops,
          nicolae_shop_statue_plus, minmay_misc_feat_ornament
D:2:      layout_loops_cross, shapermc_ecumenical_altar_totnotflames,
          minmay_joined_circles, uniq_sigmund
D:3:      layout_basic, hangedman_abyss_or_decor_stabs, uniq_ijyb
D:4:      nicolae_cairo_tiling, layout_loops_ring,
          minmay_temple_entry_overgrown, uniq_natasha, uniq_eustachio,
          uniq_menkaure, uniq_edmund
D:5:      layout_basic, uniq_pikel
D:6:      layout_cave_pods, uniq_grinder
D:7:      layout_layer_cave
D:8:      layout_rooms, mainiacjoe_overflow_six_doors_small,
          kennysheep_flooded_box
D:9:      gammafunk_corrupted_shrine, layout_basic,
          chequers_temple_overflow_minitemple, orc_0_dummy,
          hellmonk_ghost_happy_afterlife, minmay_nine_imps
Temple:   mainiacjoe_temple_bowtie_tessellation

Skill      XL: |  1  2  3  4  5  6  7  8  9 10 |
---------------+-------------------------------+-----
Spellcasting   | 3 4 5 6 8 10 11 | 11.6
Dodging        | |  2.1
Stealth        | |  1.5

Action                   |  1- 3 |  4- 6 |  7- 9 | 10-12 || total
-------------------------+-------+-------+-------+-------++-------
Melee: Dagger            |    26 |    28 |     1 |     2 ||    57
       Punch             |     1 |       |       |       ||     1
 Cast: Foxfire           |    61 |    66 |   106 |    33 ||   266
       Scorch            |       |       |    50 |    37 ||    87
       Inner Flame       |       |       |     1 |       ||     1
       Flame Wave        |       |       |       |     1 ||     1
Invok: Curse Item        |       |       |     3 |     1 ||     4
  Use: Scroll            |       |     7 |     6 |       ||    13
       Potion            |       |       |     1 |       ||     1
 Stab: Sleeping          |     1 |     1 |       |       ||     2
Armor: Robe              |     3 |     3 |     2 |       ||     8
       Leather armour    |       |       |     6 |     5 ||    11
Dodge: Dodged            |    33 |    27 |    15 |    10 ||    85
